 Dungeon Crawl Stone Soup version 0.21.1-1-g345015f (webtiles) character file.

20452 suicidejoker the Covert (level 12, -7/109 HPs)
             Began as a Naga Hunter on Apr 22, 2018.
             Was an Elder of Okawaru.
             Killed from afar by a wizard (61 damage)
             ... with a crystal spear
             ... on level 13 of the Dungeon.
             The game lasted 00:45:28 (14932 turns).

suicidejoker the Covert (Naga Hunter)              Turns: 14932, Time: 00:45:28

Health: -7/109     AC: 15    Str: 16    XL:     12   Next: 79%
Magic:  15/18      EV: 12    Int: 13    God:    Okawaru [****..]
Gold:   462        SH:  6    Dex: 16    Spells: 18/19 levels left

rFire    . . .     SeeInvis +   a - +7 hand crossbow
rCold    . . .     Gourm    .   j - +0 buckler
rNeg     . . .     Faith    .   l - +3 ring mail {rPois}
rPois    +         Spirit   .   e - +2 helmet
rElec    .         Reflect  .   m - +0 cloak
rCorr    .         Harm     .   (no gloves)
MR       +....                  (no barding)
Stlth    +++++.....             (no amulet)
HPRegen  0.28/turn              G - ring of wizardry
MPRegen  0.16/turn              B - ring of stealth

@: very slightly contaminated, very slow
A: large, see invisible, clever 1, deformed body, sense surroundings 1, poison
resistance, slowness 2, slow metabolism 1, spit poison 1, AC +4
a: Spit Poison, Heroism, Renounce Religion


You were on level 13 of the Dungeon.
You worshipped Okawaru.
Okawaru was greatly pleased with you.
You were hungry.

You visited 2 branches of the dungeon, and saw 14 of its levels.

You collected 656 gold pieces.
You spent 194 gold pieces at shops.

Inventory:

Hand Weapons
 a - a +7 hand crossbow (weapon)
 C - a +0 spear of piercing
 E - a +1 morningstar of protection
 F - a +1 trident of freezing
 M - a +0 shortbow
Missiles
 d - 53 bolts (quivered)
 g - 188 arrows
 k - 311 stones
 s - 32 poisoned needles
 u - 57 sling bullets
 y - 9 tomahawks
 J - a throwing net
 O - 8 javelins
Armour
 e - a +2 helmet (worn)
 j - a +0 buckler (worn)
 l - a +3 ring mail of poison resistance (worn)
 m - a +0 cloak (worn)
 v - the +0 ring mail "Ompyhebb" {-Tele rElec Dex+7}
   (You found it on level 4 of the Dungeon)

   It affects your dexterity (+7).
   It insulates you from electricity.
   It prevents most forms of teleportation.
Magical Staves
 K - an uncursed staff of death
 T - an uncursed staff of energy {unknown}
Jewellery
 b - an uncursed ring of ice
 x - an uncursed ring of magical power
 B - a ring of stealth (right hand)
 D - an uncursed ring of ice
 G - a ring of wizardry (left hand)
 N - an uncursed ring of stealth
Wands
 c - a wand of polymorph (27)
 o - a wand of random effects (34)
 P - a wand of flame (33)
Scrolls
 h - 2 scrolls of teleportation
 n - 2 scrolls of immolation
 w - 2 scrolls of remove curse
 A - 4 scrolls of identify
 H - 2 scrolls of magic mapping
 I - a scroll of random uselessness
Potions
 i - a potion of curing
 p - a potion of ambrosia {unknown}
 q - 3 potions of agility
 t - a potion of brilliance {unknown}
 Q - a potion of lignification {unknown}
Books
 r - a book of Necromancy

   Spells                             Type                      Level
   a - Pain                           Necromancy                   1
   b - Animate Skeleton               Necromancy                   1
   c - Vampiric Draining              Necromancy                   3
   d - Regeneration                   Charms/Necromancy            3
   e - Animate Dead                   Necromancy                   4
   f - Borgnjor's Vile Clutch         Necromancy/Earth             5
 z - a book of Misfortune

   Spells                             Type                      Level
   a - Confusing Touch                Hexes                        1
   b - Confuse                        Hexes                        3
   c - Gell's Gravitas                Translocation                3
   d - Petrify                        Transmutation/Earth          4
   e - Metabolic Englaciation         Hexes/Ice                    5
   f - Yara's Violent Unravelling     Hexes/Transmutation          5
 L - Golomior's Incunabulum of the Rocks
   (You found it on level 9 of the Dungeon)

   Spells                             Type                      Level
   a - Sandblast                      Earth                        1
   b - Iron Shot                      Conjuration/Earth            6
   c - Statue Form                    Transmutation/Earth          6
 S - Pane's Incunabulum of Displaced Hexes
   (You found it on level 11 of the Dungeon)

   Spells                             Type                      Level
   a - Slow                           Hexes                        2
   b - Spectral Weapon                Hexes/Charms                 3
   c - Tukima's Dance                 Hexes                        3
   d - Leda's Liquefaction            Hexes/Earth                  4
   e - Disjunction                    Translocation                8
Comestibles
 f - 20 rations


   Skills:
 + Level 7.4 Fighting
 * Level 10.1 Crossbows
 + Level 4.9 Armour
 + Level 6.2 Dodging
 + Level 11.1 Stealth
 + Level 5.7 Shields
 + Level 4.1 Spellcasting
 + Level 4.3 Earth Magic
 * Level 7.9 Invocations


You had 18 spell levels left.
You knew the following spells:

 Your Spells              Type           Power        Failure   Level  Hunger
a - Sandblast             Erth           ##....       2%          1    None


Dungeon Overview and Level Annotations

Branches:
Dungeon (13/15)            Temple (1/1) D:7            Lair (0/6) D:11
    Orc (0/2) D:9
 Vaults: D:13-14

Altars:
Ashenzari
Cheibriados
Dithmenos
Elyvilon
Fedhas
Gozag
Kikubaaqudgha
Makhleb
Nemelex Xobeh
Okawaru
Qazlal
Trog
Uskayaw
Vehumet
Wu Jian
Xom
Zin
The Shining One

Shops:
D:4 =?   D:7 !   D:9 (

Annotations:
D:11 anacleto's ghost, journeyman CeHu; suicidejoker's ghost, journeyman OpHu


Innate Abilities, Weirdness & Mutations

You cannot wear boots.
Your serpentine skin is tough. (AC +4)
You have supernaturally acute eyesight. (SInv)
Armour fits poorly on your strangely shaped body.
Your system is resistant to poisons. (rPois)
You cover ground very slowly.
You have a slow metabolism.
You can spit poison.
Your mind is acute. (Int +2)
You passively map a small area around you.


Message History

Aiming: Sandblast
Press: ? - help, Shift-Dir - straight line, f - wizard
Aim: a wizard, wielding a dagger and wearing a robe (fast)
The blast of sand hits the wizard.
The wizard is moderately wounded.
k - 311 stones You block the orc's attack.
The wizard mumbles some strange words.
The wizard's hands start to glow.
The wizard misses you.
You are too injured to fight recklessly!
Firing (i - inventory. (,) - cycle):
d - 54 bolts (quivered)
Press: ? - help, Shift-Dir - straight line, f/p - wizard
Aim: a wizard, wielding a dagger and wearing a robe (lightly wounded, fast)
You shoot a bolt. The bolt hits the wizard!
The wizard is heavily wounded.
The wizard points at you and mumbles some strange words.
The crystal spear hits you!
Ouch! That really hurt!
You die...

,, ,* #..#*,* *
,#..#* * *, , ,
#..#* , , , #.<#*
,, * , #..# * **,
, * . *, #).# , *
* , ** .. #..# * ,
. , ... #..# ***
.#* ##..
#@.######.#. .....
#po)........ ,
......#...........
, * *
#.(.......... *
#.......##.... ,
......(..(....###
, ##..(#####.####
* +..(* .# #...*,
.#


You could see a wizard and an orc.

Vanquished Creatures
  The ghost of ryzol the Cleaver, a journeyman MiFi of Uskayaw (D:11)
  5 two-headed ogres
  A centaur warrior (D:11)
  Erica (D:11)
  A death yak (D:11)
  The ghost of Wolfram the Cleaver, a novice HuFi (D:7)
  Pikel (D:9)
  2 deep elf magi (D:13)
  A cyclops (D:11)
  A manticore (D:12)
  An elephant (D:11)
  A centaur skeleton (D:11)
  A rime drake (D:10)
  A kobold demonologist (D:11)
  10 slime creatures
  A hippogriff (D:9)
  A centaur simulacrum (D:9)
  Sigmund (D:3)
  2 wyverns
  A basilisk (D:11)
  A human (D:11)
  Grum (D:9)
  4 yaks (D:9)
  An acid dragon (D:12)
  Duvessa (D:4)
  16 water moccasins (D:10)
  2 black bears
  An ice beast (D:9)
  3 orc warriors
  2 slaves (D:9)
  3 phantoms
  An eye of draining (D:11)
  A necrophage (D:11)
  4 ogres
  A centaur (D:11)
  4 wolves (D:9)
  3 crocodiles
  2 big kobolds
  3 bullfrogs
  Blork the orc (D:4)
  A gnoll sergeant (D:9)
  Dowan (D:4)
  A water moccasin skeleton (D:9)
  2 scorpions
  12 killer bees
  2 electric eels
  A howler monkey (D:13)
  6 crimson imps
  2 bullfrog zombies
  2 jellies
  3 orc wizards
  A quasit (D:8)
  A bullfrog skeleton (D:13)
  2 orc priests
  8 hounds
  Jessica (D:2)
  4 iguanas
  8 worker ants
  A bullfrog simulacrum (D:11)
  A hound skeleton (D:8)
  A mummy (D:6)
  A worker ant zombie (D:5)
  Robin (D:2)
  2 howler monkey skeletons
  7 gnolls
  23 adders
  3 oozes
  An adder zombie (D:9)
  3 adder skeletons
  2 worms (D:2)
  2 leopard geckos
  18 orcs
  3 ball pythons (D:1)
  8 bats
  8 giant cockroaches
  7 goblins
  7 hobgoblins
  17 jackals
  9 kobolds
  3 quokkas
  6 frilled lizards
  A kobold zombie (D:6)
  3 orc zombies (D:6)
  6 rats
292 creatures vanquished.

Vanquished Creatures (collateral kills)
  A two-headed ogre (D:12)
1 creature vanquished.

Vanquished Creatures (others)
  2 slaves (D:9)
  A big kobold (D:9)
  A bullfrog zombie (D:11)
  5 kobolds (D:9)
9 creatures vanquished.

Grand Total: 302 creatures vanquished

Notes
Turn   | Place    | Note
-------+----------+-------------------------------------------
     0 | D:1      | suicidejoker the Naga Hunter began the quest for the Orb.
     0 | D:1      | Reached XP level 1. HP: 19/19 MP: 1/1
   175 | D:1      | Reached skill level 2 in Stealth
   175 | D:1      | Reached XP level 2. HP: 26/26 MP: 2/2
   909 | D:2      | Noticed Robin
   923 | D:2      | Reached XP level 3. HP: 19/32 MP: 3/3
   946 | D:2      | Killed Robin
  1406 | D:2      | Found a blossoming altar of Fedhas.
  1436 | D:2      | Reached XP level 4. HP: 40/40 MP: 4/4
  1518 | D:2      | Reached skill level 3 in Stealth
  2101 | D:2      | Noticed Jessica
  2110 | D:2      | Killed Jessica
  2455 | D:3      | Noticed Sigmund
  2463 | D:3      | Killed Sigmund
  2463 | D:3      | Reached skill level 4 in Stealth
  2463 | D:3      | Reached skill level 1 in Shields
  2463 | D:3      | Reached XP level 5. HP: 46/49 MP: 5/5
  2463 | D:3      | Reached XP level 6. HP: 53/56 MP: 6/6
  2845 | D:3      | Reached skill level 5 in Crossbows
  3112 | D:4      | Found Penlupell's Jewellery Boutique.
  3378 | D:4      | Noticed Duvessa
  3378 | D:4      | Noticed Dowan
  3391 | D:4      | Killed Duvessa
  3391 | D:4      | Reached XP level 7. HP: 35/62 MP: 7/7
  3391 | D:4      | Killed Dowan
  3578 | D:4      | Reached skill level 5 in Stealth
  3748 | D:4      | Found a glowing silver altar of Zin.
  3792 | D:4      | Found Feafagimn's Magic Scroll Shop.
  3801 | D:4      | Bought a scroll of enchant weapon for 90 gold pieces
  3814 | D:4      | Found a bloodstained altar of Trog.
  3840 | D:4      | Noticed Blork the orc
  3845 | D:4      | Killed Blork the orc
  3935 | D:4      | Found a burning altar of Makhleb.
  4098 | D:4      | Found an ancient bone altar of Kikubaaqudgha.
  4323 | D:4      | Got a dazzling ring mail
  4334 | D:4      | Identified the cursed +0 ring mail "Ompyhebb" {-Tele rElec Dex+7} (You found it on level 4 of the Dungeon)
  4445 | D:5      | Entered Level 5 of the Dungeon
  4681 | D:5      | Reached XP level 8. HP: 72/72 MP: 8/8
  5132 | D:6      | Reached skill level 6 in Stealth
  5189 | D:6      | Found a shattered altar of Ashenzari.
  5189 | D:6      | Found a shimmering altar of Xom.
  5819 | D:7      | Found a staircase to the Ecumenical Temple.
  5826 | Temple   | Entered the Ecumenical Temple
  5863 | Temple   | Became a worshipper of Warmaster Okawaru
  5886 | D:7      | Noticed Wolfram's ghost (novice HuFi)
  5978 | D:7      | Found Kickoa's Distillery.
  6030 | D:7      | Bought a potion of mutation for 104 gold pieces
  6030 | D:7      | Gained mutation: You expend magic power (3 MP) to strengthen your wands. [potion of mutation]
  6030 | D:7      | Gained mutation: Your muscles are strong. (Str +2) [potion of mutation]
  6040 | D:7      | Reached skill level 1 in Armour
  6108 | D:7      | HP: 1/73 [Wolfram's ghost (8)]
  6113 | D:7      | Killed Wolfram's ghost
  6113 | D:7      | Reached * piety under Okawaru
  6113 | D:7      | Reached skill level 5 in Fighting
  6113 | D:7      | Reached skill level 7 in Stealth
  6113 | D:7      | Reached XP level 9. HP: 44/81 MP: 8/9
  7467 | D:8      | Noticed a two-headed ogre
  7479 | D:8      | Killed a two-headed ogre
  7479 | D:8      | Reached ** piety under Okawaru
  7479 | D:8      | Reached skill level 8 in Stealth
  7789 | D:8      | Reached XP level 10. HP: 81/91 MP: 10/12
  8053 | D:8      | Got an encrusted rapier
  8054 | D:8      | Identified the cursed +3 rapier of Gin and Tonic {pierce, Int+3 Dex-4 SInv} (You found it on level 8 of the Dungeon)
  8250 | D:9      | Found Huudghogo's Weapon Shop.
  8255 | D:9      | Identified Golomior's Incunabulum of the Rocks
  8281 | D:9      | Lost mutation: You expend magic power (3 MP) to strengthen your wands. [potion of mutation]
  8281 | D:9      | Lost mutation: Your muscles are strong. (Str +2) [potion of mutation]
  8281 | D:9      | Gained mutation: You passively map a small area around you. [potion of mutation]
  8281 | D:9      | Gained mutation: Your mind is acute. (Int +2) [potion of mutation]
  8295 | D:9      | Learned a level 1 spell: Sandblast
  8330 | D:9      | Reached *** piety under Okawaru
  8433 | D:9      | Found a staircase to the Orcish Mines.
  8479 | D:9      | Noticed Pikel
  8494 | D:9      | Killed Pikel
  8494 | D:9      | Reached skill level 5 in Dodging
  8494 | D:9      | Reached skill level 9 in Stealth
  8494 | D:9      | Reached skill level 1 in Spellcasting
  8494 | D:9      | Reached skill level 1 in Earth Magic
  8929 | D:9      | Noticed Grum
  8949 | D:9      | HP: 2/91 [wolf[Grum] (7)]
  8956 | D:9      | HP: 2/91 [wolf[Grum] (6)]
  9341 | D:9      | Reached **** piety under Okawaru
  9539 | D:9      | Received a gift from Okawaru
  9776 | D:9      | Killed Grum
 10106 | D:9      | Reached XP level 11. HP: 97/97 MP: 11/14
 10236 | D:9      | Reached skill level 5 in Invocations
 10245 | D:9      | Received a gift from Okawaru
 10500 | D:10     | Entered Level 10 of the Dungeon
 11218 | D:10     | Reached ***** piety under Okawaru
 11791 | D:10     | Reached skill level 10 in Stealth
 11967 | D:11     | Noticed a death yak
 11983 | D:11     | Killed a death yak
 11983 | D:11     | Reached skill level 5 in Shields
 11985 | D:11     | Received a gift from Okawaru
 11987 | D:11     | Got a brightly glowing naga barding {god gift}
 11997 | D:11     | Identified the -7 naga barding of Okawaru's Supremacy {*Drain rCorr MP+9 Dex+6} (Okawaru gifted it to you on level 11 of the Dungeon)
 12025 | D:11     | Noticed ryzol's ghost (journeyman MiFi)
 12032 | D:11     | HP: 2/99 [ryzol's ghost (8)]
 12475 | D:11     | Noticed a cyclops
 12480 | D:11     | Noticed anacleto's ghost (journeyman CeHu)
 12486 | D:11     | Noticed Erica
 12486 | D:11     | Noticed an unseen horror
 12486 | D:11     | Noticed a two-headed ogre
 12486 | D:11     | Noticed suicidejoker's ghost (journeyman OpHu)
 12543 | D:11     | Noticed a centaur warrior
 12550 | D:11     | Killed a centaur warrior
 12797 | D:11     | Killed a two-headed ogre
 12825 | D:11     | Noticed a cyclops
 12842 | D:11     | Killed a cyclops
 12842 | D:11     | Reached XP level 12. HP: 75/106 MP: 16/16
 12885 | D:11     | Noticed a two-headed ogre
 12894 | D:11     | Killed a two-headed ogre
 12915 | D:11     | Found a staircase to the Lair.
 12959 | D:11     | Killed Erica
 13042 | D:11     | Killed ryzol's ghost
 13086 | D:11     | Identified Pane's Incunabulum of Displaced Hexes
 13135 | D:11     | HP: 5/109 [fire elemental[a deep elf mage] (9)]
 13572 | D:12     | Noticed a two-headed ogre
 13580 | D:12     | Killed a two-headed ogre
 13870 | D:12     | Noticed a two-headed ogre
 13878 | D:12     | Killed a two-headed ogre
 13960 | D:12     | Noticed a two-headed ogre
 13966 | D:12     | Killed a two-headed ogre
 13966 | D:12     | Received a gift from Okawaru
 14063 | D:12     | Reached skill level 11 in Stealth
 14095 | D:12     | Reached skill level 10 in Crossbows
 14895 | D:13     | Received a gift from Okawaru
 14932 | D:13     | Killed from afar by a wizard

Skill      XL: |  1  2  3  4  5  6  7  8  9 10 11 12 |
---------------+-------------------------------------+-----
Stealth        | 2 4 5 7 8 9 10 11 | 11.1
Crossbows      | 4 5 7 8 9 10 | 10.1
Dodging        | 2 3 4 5 6 |  6.2
Fighting       | 3 4 5 6 7 |  7.4
Shields        | 1 2 3 4 5 |  5.7
Armour         | 1 2 3 4 |  4.9
Invocations    | 2 4 6 7 |  7.9
Spellcasting   | 2 3 4 |  4.1
Earth Magic    | 2 3 4 |  4.3

Action                   |  1- 3 |  4- 6 |  7- 9 | 10-12 || total
-------------------------+-------+-------+-------+-------++-------
Melee: Short sword       |    55 |    70 |    10 |       ||   135
       Trident           |       |       |       |    20 ||    20
       Morningstar       |       |       |       |     5 ||     5
       Spear             |       |       |       |     1 ||     1
 Fire: Hand crossbow     |    40 |    62 |   264 |   601 ||   967
 Cast: Sandblast         |       |       |       |     3 ||     3
Invok: Heroism           |       |       |     4 |    20 ||    24
       Finesse           |       |       |       |     5 ||     5
 Abil: Spit Poison       |       |       |     7 |    15 ||    22
Evoke: Wand              |       |     1 |     5 |    13 ||    19
       Phantom mirror    |       |       |       |     1 ||     1
  Use: Potion            |     4 |       |     7 |    15 ||    26
       Scroll            |       |     4 |     9 |    18 ||    31
  Eat: Chunk             |       |     5 |     9 |    10 ||    24
       Ration            |       |       |     1 |     2 ||     3
Armor: Leather armour    |    22 |    19 |       |       ||    41
       Ring mail         |       |       |    39 |    44 ||    83
       Plate armour      |       |       |    14 |   216 ||   230
Dodge: Dodged            |    44 |    32 |    89 |   181 ||   346
Block: Buckler           |     8 |    12 |    43 |   126 ||   189
